 Dungeon Crawl Stone Soup version 0.19-a0-790-ge39e1af (webtiles) character file.

257 suvakkihuora the Cudgeler (level 5, -12/47 HPs)
             Began as a Minotaur Earth Elementalist on June 26, 2016.
             Mangled by a wyvern (13 damage)
             ... on level 8 of the Dungeon.
             The game lasted 00:10:38 (1532 turns).

suvakkihuora the Cudgeler (MiEE)                    Turns: 1532, Time: 00:10:39

Health: -12/47     AC:  9    Str: 13    XL:     5   Next: 93%
Magic:  6/6        EV: 11    Int: 12    God:
Gold:   68         SH:  0    Dex: 11    Spells: 2 memorised, 2 levels left

rFire  . . .     SeeInvis .     f - +0 morningstar
rCold  . . .     Gourm    .     r - +0 ring mail
rNeg   . . .     Faith    .     (no shield)
rPois  .         Spirit   .     (helmet restricted)
rElec  .         Dismiss  .     (no cloak)
rCorr  .         Reflect  .     p - +2 pair of gloves
SustAt .         Harm     .     k - +0 pair of boots
MR     .....                    (no amulet)
Stlth  ..........               (no ring)
                                h - ring of loudness

@: not resistant to hostile enchantments, extremely unstealthy
A: retaliatory headbutt, horns 2
a: no special abilities


You were on level 8 of the Dungeon.
You were hungry.

You visited 1 branch of the dungeon, and saw 9 of its levels.

You collected 144 gold pieces.
You spent 76 gold pieces at shops.

Inventory:

Hand Weapons
 a - a +0 club
 f - a +0 morningstar (weapon)
 i - a +0 dagger of venom
 q - a +0 mace
 v - a +3 hand crossbow of freezing
Missiles
 b - 49 stones (quivered)
Armour
 c - a +0 robe
 k - a +0 pair of boots (worn)
 p - a +2 pair of gloves (worn)
 r - a +0 ring mail (worn)
Jewellery
 h - a ring of loudness (left hand)
Scrolls
 j - a scroll of recharging {unknown}
 s - 4 scrolls of remove curse
 u - a scroll of fear
 x - a scroll of holy word
Potions
 g - 2 potions of curing
 m - a potion of might {unknown}
 o - a potion of agility {unknown}
 t - a potion of invisibility {unknown}
Books
 e - a book of Geomancy

   Spells                             Type                      Level
   a - Sandblast                      Earth                        1
   b - Passwall                       Transmutation/Earth          2
   c - Stone Arrow                    Conjuration/Earth            3
   d - Petrify                        Transmutation/Earth          4
   e - Lee's Rapid Deconstruction     Earth                        5
Comestibles
 d - 4 bread rations
 l - 3 meat rations


   Skills:
 * Level 4.7 Fighting
 * Level 4.9 Maces & Flails
 - Level 2.1 Dodging
 - Level 1.5 Stealth
 - Level 1.3 Spellcasting
   Level 0.7 Transmutations
 - Level 2.4 Earth Magic


You had 2 spell levels left.
You knew the following spells:

 Your Spells              Type           Power        Failure   Level  Hunger
a - Sandblast             Erth           #.....       28%         1    ##.....
b - Stone Arrow           Conj/Erth      #.....       93%         3    ####...


Dungeon Overview and Level Annotations

Branches:
Dungeon (9/15)             Temple (0/1) D:4
   Lair: D:8-11         Orc: D:9-12

Altars:

Shops:
D:4 (   D:7 *   D:8 }

Annotations:
D:5 Pikel


Innate Abilities, Weirdness & Mutations

You reflexively headbutt those who attack you in melee.
You have a pair of horns on your head.


Message History

The wyvern hisses menacingly.
You aren't carrying any items that you can evoke.
Unknown command.
As you read the scroll of remove curse, it crumbles to dust.
You feel as if something is helping you.
It was a potion of curing.
You feel better.
You closely miss the wyvern. The wyvern bites you! x2
You hit the wyvern but do no damage. You headbutt the wyvern!
The wyvern is moderately wounded.
The wyvern bites you! The wyvern bites you.
* * * LOW HITPOINT WARNING * * *
You hit the wyvern. Your headbutt misses the wyvern.
The wyvern is moderately wounded.
The wyvern bites you!
* * * LOW HITPOINT WARNING * * *
The wyvern barely misses you. You furiously retaliate!
You headbutt the wyvern. You hit the wyvern.
The wyvern is severely wounded.
The wyvern bites you!
You die...

.......###.#....#
.......#........####
...................####..
......##.................
...........#.#..#........
...........#.#...........
...........#.#..#.......#
......##................#
...... #.#.#....@l......#
.... ....#....#...####
.... ##.###....#...(....
... #....#....#### ...
#........... .#
#.............
#...##........
.............. #........


You could see a wyvern.

Vanquished Creatures
  A slave (D:4)
  A howler monkey (D:7)
  A hound (D:4)
  An orc wizard (D:3)
  2 worker ants
  3 gnolls (D:3)
  2 adders
  An adder skeleton (D:4)
  A worm (D:3)
  4 giant geckos
  10 orcs
  5 bats
  2 giant cockroaches
  3 goblins
  2 hobgoblins
  2 quokkas
  A ball python (D:3)
  A giant gecko zombie (D:7)
  A giant newt (D:2)
  3 kobolds (D:2)
  A quokka zombie (D:1)
  2 rats
50 creatures vanquished.

Notes
Turn   | Place    | Note
--------------------------------------------------------------
     0 | D:1      | suvakkihuora the Minotaur Earth Elementalist began the quest for the Orb.
     0 | D:1      | Reached XP level 1. HP: 14/14 MP: 1/1
    94 | D:1      | Reached skill level 1 in Fighting
   109 | D:1      | Reached skill level 1 in Maces & Flails
   117 | D:1      | Reached XP level 2. HP: 14/23 MP: 3/3
   352 | D:3      | Reached XP level 3. HP: 12/29 MP: 4/4
   669 | D:3      | Reached XP level 4. HP: 29/38 MP: 3/5
   872 | D:4      | Found Misk's Weapon Shoppe.
   880 | D:4      | Bought a +0 morningstar for 56 gold pieces
   929 | D:4      | Learned a level 3 spell: Stone Arrow
  1068 | D:4      | Reached XP level 5. HP: 36/46 MP: 6/6
  1144 | D:5      | Entered Level 5 of the Dungeon
  1145 | D:5      | Noticed a slave
  1148 | D:5      | Noticed Pikel
  1148 | D:5      | Noticed a slave
  1148 | D:5      | Noticed a slave
  1150 | D:5      | Noticed a phantom
  1152 | D:5      | Noticed a slave
  1192 | D:4      | Killed a slave
  1242 | D:5      | Noticed an ogre
  1351 | D:7      | Found Wekhlol's Assorted Antiques.
  1360 | D:7      | Bought a ruby potion for 20 gold pieces
  1490 | D:8      | Found Ytud's Gadget Shoppe.
  1524 | D:8      | Noticed a wyvern
  1531 | D:8      | HP: 1/47 [wyvern (11)]
  1532 | D:8      | Mangled by a wyvern

Vault maps used:
D:1:      saegor_arrival_fortress
D:3:      first_bread
D:4:      serial_shops, shop
D:5:      vehumet_altar_wand_db, minmay_misc_feat_nine_boxes, uniq_pikel,
          uniq_blork_the_orc, uniq_prince_ribbit1
D:6:      serial_shops, shop_fountains, cheibrodos_worm_habitat
D:7:      serial_shops, nicolae_shop_overgrown_old_shop, enter_bailey_7
D:8:      serial_shops, shop
D:9:      erik_orc_1, kennysheep_diamond

Skill      XL: |  1  2  3  4  5 |
---------------+----------------+-----
Fighting       | 1 2 3 4 |  4.7
Maces & Flails | 1 2 3 4 |  4.9
Dodging        | |  2.1
Stealth        | |  1.5
Spellcasting   | |  1.3
Transmutations | |  0.7
Earth Magic    | |  2.4

Action                   |  1- 3 |  4- 6 || total
-------------------------+-------+-------++-------
Melee: Club              |     9 |       ||     9
       Unarmed           |     8 |       ||     8
       Headbutt          |     7 |    13 ||    20
       Dagger            |    53 |    57 ||   110
       Morningstar       |       |    18 ||    18
Throw: Stone             |     4 |       ||     4
 Cast: Sandblast         |     1 |     1 ||     2
  Use: Scroll            |     4 |     9 ||    13
       Potion            |       |     2 ||     2
  Eat: Pizza             |       |     1 ||     1
Armor: Robe              |    13 |     3 ||    16
       Ring mail         |       |    25 ||    25
Dodge: Dodged            |    41 |    51 ||    92
